[Event "*** Titled Tuesday Blitz AM"]
[Site "Chess.com"]
[Date "2020.01.07"]
[Round "3"]
[White "hazy13"]
[Black "Valuebet2000"]
[Result "1-0"]
[WhiteElo "2228"]
[BlackElo "2389"]
[TimeControl "180+2"]
[EndTime "9:40:14 PST"]
[Termination "hazy13 won by resignation"]

1. d4 d5 2. c4 c6 3. Nf3 Nf6 4. Qc2 dxc4 5. Qxc4 Bf5 6. g3 e6 7. Bg2 Nbd7 8. O-O Be7 9. Nc3 h6 10. Qb3 Qb6 11. Bf4 O-O 12. Qxb6 axb6 13. a3 b5 14. Nd2 g5 15. Be3 Ng4 16. h3 Nxe3 17. fxe3 Bg6 18. e4 Nb6 19. Rac1 b4 20. axb4 Bxb4 21.
Ra1 Rfd8 22. e3 e5 23. Rxa8 Rxa8 24. d5 Kf8 25. Kf2 Ke7 26. Ke2 f6 27. Rc1 Bf7 28.
dxc6 bxc6 29. Bf3 Nc4 30. Nxc4 Bxc4+ 31. Kf2 Bb3 32. Bg4 Rd8 33. Ke2 Bc4+ 34. Kf2 Rd2+ 35.
Kg1 Rxb2 36. Nd1 Rb3 37. Rxc4 c5 38. Rc1 Kd6 39. Rc2 Kc6 40. Kf1 Kb5 41. Be6 Rb1 42. Bc4+ Ka5 43. Ke2 Kb6 44. Ra2 Kb7 45. Rb2 Rc1 46.
Bd5+ Kb6 47. Ra2 Kb5 48. g4 Rb1 49. Rc2 Ra1 50. Nc3+ Kb6 51. Bc4 Rh1 52. Nd5+ Kb7 53. Nxf6 Rh2+ 54. Kd3 Rh1 55. Ng8 Rxh3 56. Ne7 Rh1 57.
Bd5+ Kb6 58. Nc8+ Kb5 59. Nd6+ Kb6 60. Nc4+ Kb5 61. Nxe5 Rd1+ 62. Ke2 Re1+ 63. Kf2 Rd1 64. Nf7 Rh1 65. Kg2 Rh4 66. Kg3 Be1+ 67. Kf3 Rh3+ 68.
Ke2 Bb4 69. Bc4+ Kc6 70. Ne5+ Kd6 71. Nd3 Rh2+ 72. Nf2 Ke5 73. Bd5 h5 74. Kf3 h4 75.
Nd3+ 1-0

[Event "*** Titled Tuesday Blitz AM"]
[Site "Chess.com"]
[Date "2020.01.07"]
[Round "3"]
[White "tigra"]
[Black "OparinGrigoriy"]
[Result "0-1"]
[WhiteElo "2727"]
[BlackElo "3041"]
[TimeControl "180+2"]
[EndTime "9:40:29 PST"]
[Termination "OparinGrigoriy won on time"]

1. e4 e5 2. Nf3 Nc6 3. Bc4 Nf6 4. d3 h6 5. a4 g6 6. c3 Bg7 7. Qb3 O-O 8. a5 Rb8 9. Be3 b5 10. axb6 axb6 11. Nbd2 d6 12. h3 Bd7 13. Qc2 b5 14. Bb3 Ra8 15. O-O Na5 16. Ba2 c5 17. b4 cxb4 18. cxb4 Nc6 19. Qb2 Qe7 20. Bb3 Kh7 21.
Bc2 Nh5 22. d4 Nf4 23. d5 Nd4 24. Rxa8 Rxa8 25. Nxd4 Nxh3+ 26. gxh3 exd4 27. Bxd4 Qg5+ 28. Kh2 Qf4+ 29. Kg2 Qg5+ 30. Kh2 Qf4+ 31. Kg2 Ra2 32. Qxa2 Bxd4 33. Qb3 Qxd2 34. Qf3 Kg7 35. Rd1 Qxb4 36.
Bd3 Be5 37. Rb1 Qa4 38. Qe3 g5 39. Be2 b4 40. Bg4 Bb5 41. Bd1 Qa5 42. Be2 Bd7 43.
Qd3 Qc5 44. Qc4 Qxc4 45. Bxc4 Bc3 46. Kg3 Kf6 47. f4 gxf4+ 48. Kxf4 Bd2+ 49. Kf3 Ke5 50. Ke2 Bc3 51. Ke3 Bxh3 52. Rh1 Bg4 53. Rxh6 Bd4+ 54.
Kd3 Bf3 55. Rh4 Bf2 56. Rh3 Bxe4+ 57. Ke2 Bc5 58. Rh4 f5 59. Bb3 Kd4 60. Kd2 Bb6 61.
Rf4 Bd8 62. Rf2 Bg5+ 63. Kd1 Be3 64. Rh2 f4 65. Bc2 Bxd5 66. Rh6 Bf3+ 67. Ke1 d5 68.
Rc6 Be4 69. Bb3 f3 70. Bd1 f2+ 71. Kf1 Bf5 72. Bf3 b3 73. Rb6 Kc3 74. Rc6+ Kd4 75.
Rb6 Bd3+ 76. Be2 Bc4 77. Rb7 Kc3 78. Rb8 b2 79. Bxc4 dxc4 80. Ke2 Bd4 0-1

[Event "*** Titled Tuesday Blitz AM"]
[Site "Chess.com"]
[Date "2020.01.07"]
[Round "3"]
[White "farzadbfd"]
[Black "garfield_pg"]
[Result "1-0"]
[WhiteElo "2608"]
[BlackElo "2347"]
[TimeControl "180+2"]
[EndTime "9:40:48 PST"]
[Termination "farzadbfd won by resignation"]

1. Nf3 Nf6 2. b3 g6 3. Bb2 Bg7 4. g3 O-O 5. Bg2 c5 6. c4 Nc6 7. d4 cxd4 8. Nxd4 Nxd4 9. Bxd4 d6 10. O-O a6 11. Nd2 Rb8 12. Rc1 Be6 13. Qc2 Qd7 14. Rfd1 Rfc8 15. Qb2 b5 16. cxb5 axb5 17. Ne4 Ne8 18.
Bxg7 Nxg7 19. Nc5 Qa7 20. Nxe6 Nxe6 21. h4 h5 22. e3 Rc5 23. Bd5 Nc7 24. Be4 Ne6 25.
Qb1 Kg7 26. b4 Rxc1 27. Rxc1 Qa3 28. Bd5 Nf8 29. Rc7 e6 30. Qa1+ Kh6 31. Rxf7 e5 32. e4 Rc8 33. Rxf8 Rc1+ 34. Qxc1+ Qxc1+ 35. Kg2 Qc3 36. Rf6 Kg7 37. Rxd6 Qxb4 38. Rd7+ Kh6 39. Kh2 Qd2 40.
Kg2 b4 41. Be6 Qc3 42. Bg8 g5 43. hxg5+ Kxg5 44. Bd5 Qc5 45. Rf7 Kg6 46. Rf5 Qd4 47. Rf7 Qb2 48. Rb7 Qc3 49. Rb6+ Kg7 50. Rc6 Qd4 51.
Rc7+ Kg6 52. Bf7+ Kh6 53. Bd5 Qd2 54. Re7 Qd4 55. Re6+ Kg5 56. Re8 Kh6 57. Rf8 Kg6 58. Rf5 Qc3 59. Bf7+ Kg7 60. Bxh5 Qc2 61. Rxe5 Qxa2 62.
Rg5+ Kh6 63. Rb5 b3 64. Bf7 Qe2 65. Rxb3 Qxe4+ 66. Rf3 Kg5 67. Bb3 Kg4 68. Bd1 Qd5 69. Be2 Qc6 70. Kh2 Kg5 71. Rf4 Qc2 72. Bg4 Qd2 73. Kg2 Qxf4 74. gxf4+ Kxg4 75. f5 Kg5 76. Kg3 Kxf5 77. Kf3 Kg5 78. Ke4 Kg6 79. Ke5 Kf7 80.
Kf5 Kf8 81. Kf6 1-0

[Event "*** Titled Tuesday Blitz AM"]
[Site "Chess.com"]
[Date "2020.01.07"]
[Round "3"]
[White "Ba_clbaf_osed_ingo_3v21"]
[Black "mouseWLZ"]
[Result "1/2-1/2"]
[WhiteElo "2557"]
[BlackElo "2778"]
[TimeControl "180+2"]
[EndTime "9:40:53 PST"]
[Termination "Game drawn - insufficient material"]

1. Nf3 Nf6 2. c4 c5 3. Nc3 b6 4. g3 Bb7 5. Bg2 d6 6. O-O e6 7. d4 cxd4 8. Qxd4 Nc6 9. Qf4 Be7 10. b3 a6 11. Rd1 Qc7 12. Ba3 Rd8 13. Ng5 O-O 14.
Nge4 Nxe4 15. Nxe4 Ne5 16. Nxd6 Bxd6 17. Rxd6 Rxd6 18.
Bxb7 a5 19. Be4 Rfd8 20. Bxd6 Qxd6 21. Bc2 Qb8 22. Rd1 Rxd1+ 23. Bxd1 Qd6 24. Bc2 h6 25. e3 g5 26. Qe4 f5 27. Qa8+ Kg7 28.
Qb7+ Kf6 29. Qa8 Kg7 30. Qb7+ Kf6 31. Qa8 Nf7 32. Qf3 Qa3 33. Qd1 Qxa2 34. Kg2 Qb2 35. Qd4+ Qxd4 36. exd4 e5 37. d5 Nd6 38. Kf3 e4+ 39. Ke3 Ke5 40. f4+ exf3 41. Kxf3 Kd4 42.
Ke2 a4 43. bxa4 Kxc4 44. Bd3+ Kxd5 45. Ke3 Ke5 46. h4 Ne4 47. hxg5 hxg5 48. Kf3 g4+ 49. Kg2 Kd4 50. Bc2 Kc3 51. Bd1 Kd2 52. Bb3 Nc5 53. Bd5 Ke3 54. Bc6 f4 55. gxf4 Kxf4 56. Be8 g3 57. Bc6 Nd3 58. Kf1 Ne5 59. Bd5 Ng4 60. Bc6 Ne3+ 61. Ke2 Nf5 62. Kd3 Nh4 63. Bh1 Kg4 64. Kc4 Kh3 65. Kb5 Kh2 66. Ba8 Kg1 67.
Kxb6 Kf2 68. Bh1 Nf5 69. a5 Nd6 70. a6 Nc8+ 71. Kc7 Na7 72. Kb7 Nb5 73. Kb6 Nd6 74. Kc7 Nb5+ 75. Kb6 Nd6 76. Kc6 Nc8 77. Bd5 Ne7+ 78.
Kb7 Nxd5 79. a7 g2 80. a8=Q g1=Q 81. Qa2+ Kg3 82. Qxd5 Qg2 83. Qxg2+ Kxg2 1/2-1/2

[Event "*** Titled Tuesday Blitz AM"]
[Site "Chess.com"]
[Date "2020.01.07"]
[Round "3"]
[White "IwkooO"]
[Black "TigrVShlyape"]
[Result "1/2-1/2"]
[WhiteElo "2579"]
[BlackElo "2817"]
[TimeControl "180+2"]
[EndTime "9:40:56 PST"]
[Termination "Game drawn by repetition"]

1. e4 g6 2. d4 Bg7 3. Nc3 d6 4. f4 Nf6 5. Nf3 c5 6. dxc5 Qa5 7. Bd3 Qxc5 8. Qe2 Bg4 9. Be3 Qa5 10. O-O Nc6 11.
a3 O-O 12. Kh1 Rac8 13. b4 Qd8 14. Rad1 Nxb4 15. axb4 Rxc3 16. Bd4 Ra3 17. h3 Nh5 18. Bf2 Nxf4 19. Qe3 Bxf3 20. Qxf3 Nxd3 21. Rxd3 Rxd3 22. Qxd3 a6 23. b5 axb5 24. Qxb5 Qc7 25. Bh4 e6 26. Bg3 Rc8 27. Rd1 Qxc2 28. Rxd6 Qxe4 29. Rd7 h5 30.
Rxb7 h4 31. Rb8 Rxb8 32. Qxb8+ Kh7 33. Bf2 Be5 34. Qd8 Bg3 35. Bg1 Qf5 36. Qd2 e5 37. Qe2 e4 38. Be3 Qa5 39. Bg1 Qd5 40. Qf1 f5 41. Qa6 Kg7 42. Qa7+ Kf6 43. Bd4+ Ke6 44. Qa6+ Qd6 45. Qc4+ Kd7 46. Qf7+ Kc6 47. Qc4+ Kd7 48. Qf7+ Kc8 49. Qe8+ Kc7 50. Qf7+ Qd7 51. Bb6+ Kc6 52.
Qxg6+ Qd6 53. Qxd6+ Kxd6 54. Kg1 Kd5 55. Kf1 Kc4 56.
Ke2 Kd5 57. Bd8 Kd4 58. Bf6+ Kd5 59. Bg5 Ke6 60. Bh6 Be5 61. Bg5 Bf6 62. Bf4 Kf7 63. Bd6 Kg6 64. Bf4 Bg5 65. Bc7 Kf7 66. Bd6 Ke6 67.
Bc7 Be7 68. Bf4 Bd6 69. Bg5 Bg3 70. Bd8 Kd5 71. Bg5 Ke5 72. Bd8 Kf4 73. Bc7+ Kg5 74. Bd8+ Kh5 75. Be7 Bf4 76. Bd8 Bg5 77. Bc7 Kg6 78. Bd6 Kf7 79. Bc7 Ke6 80. Bb6 Kd6 81.
Ba7 f4 82. Bb8+ Kd5 83. Bc7 Ke6 84. Bb6 Kf5 85. Bc7 Bf6 86. Bd6 Be5 87. Be7 Bf6 88. Bd6 Bg5 89. Bc7 Ke6 90. Bb8 Kf5 91.
Bc7 1/2-1/2

[Event "*** Titled Tuesday Blitz AM"]
[Site "Chess.com"]
[Date "2020.01.07"]
[Round "3"]
[White "Evgeny81"]
[Black "Sjakkerntobi"]
[Result "1/2-1/2"]
[WhiteElo "2543"]
[BlackElo "2264"]
[TimeControl "180+2"]
[EndTime "9:41:01 PST"]
[Termination "Game drawn by agreement"]

1. e4 c5 2. Nf3 e6 3. d4 cxd4 4. Nxd4 Nc6 5. Nc3 Qc7 6. Be2 Nf6 7. O-O Be7 8. Be3 O-O 9. f4 d6 10. Qe1 Nxd4 11. Bxd4 e5 12. Be3 exf4 13. Rxf4 Be6 14. Qf2 Rfd8 15. Rf1 d5 16. e5 Qxe5 17. Bd4 Qg5 18.
Bd3 Ne4 19. Qe3 Nxc3 20. bxc3 Bd6 21. R4f3 Qxe3+ 22. Rxe3 Rac8 23. Bxa7 Ra8 24. Bb6 Rdc8 25. Bf5 Bxf5 26. Rxf5 Rxa2 27. Rxd5 Bf8 28. Re2 f6 29. Bd4 Rc7 30. Rb5 Kf7 31. h4 g6 32. Rb6 Be7 33. h5 Ra6 34. Rb5 Rac6 35. Rf2 Bc5 36. Rxc5 Rxc5 37.
Rxf6+ Ke7 38. hxg6 hxg6 39. Rxg6 Rxc3 40. Rg7+ Ke6 41. Bxc3 Rxc3 42. Rxb7 Rxc2 43. Rb4 Kf6 44. Rf4+ Kg5 45. Rf3 Kg6 46. Kh2 Rc6 47. Kh3 Kg7 48.
Rd3 Rc8 49. Kg4 Kg8 50. Kg5 Rb8 51. Rd5 Rc8 52. g4 Rb8 53. Rd6 Rc8 54. Rg6+ Kh7 55. Kh5 Rc5+ 56. g5 Rc1 57. Rh6+ Kg7 58. Rg6+ Kh7 59.
Ra6 Rh1+ 60. Kg4 Rg1+ 61. Kf5 Rf1+ 62. Ke4 Re1+ 63. Kf3 Rf1+ 64. Kg3 Rf8 65. Kg4 Rf1 66. Ra7+ Kg8 67. Kh5 Rf8 68. Kh6 Rc8 69. Rg7+ Kh8 70.
Rf7 Kg8 71. Rf6 Rd8 72. Rc6 Rb8 73. Kg6 Rd8 74. Kf6 Rf8+ 75. Kg6 Ra8 76. Rb6 Rc8 77. Ra6 Rd8 78. Kf6 Rf8+ 79. Ke5 Re8+ 80. Kf5 Rf8+ 81. Kg6 Rc8 82. Ra7 Rc6+ 83. Kh5 Rc8 84. Kh6 Rc6+ 85.
g6 Rc8 86. Rg7+ Kh8 87. Rf7 Kg8 88. Rf6 Rc1 89. Rf5 Rh1+ 90. Kg5 Rg1+ 91. Kf6 Ra1 92.
Re5 Ra6+ 93. Kf5 Ra8 94. Kg5 Rb8 1/2-1/2

[Event "*** Titled Tuesday Blitz AM"]
[Site "Chess.com"]
[Date "2020.01.07"]
[Round "3"]
[White "angryhorse9"]
[Black "Manukyan_Artak"]
[Result "0-1"]
[WhiteElo "2255"]
[BlackElo "2434"]
[TimeControl "180+2"]
[EndTime "9:41:21 PST"]
[Termination "Manukyan_Artak won by resignation"]

1. Nf3 d5 2. c4 d4 3. b4 f6 4. Na3 e5 5. Nc2 a5 6. bxa5 c5 7. d3 Qxa5+ 8. Bd2 Qc7 9. g3 Nc6 10. Bg2 Bd6 11. O-O Nge7 12. e4 O-O 13. Nh4 g5 14. Nf3 Ng6 15. Kh1 Kh8 16. Ng1 Rg8 17.
Bh3 Bxh3 18. Nxh3 Qd7 19. Ng1 Nd8 20. h3 Nf7 21. Qg4 Qxg4 22. hxg4 Ra7 23. Rfb1 Rga8 24. a3 Nf8 25. Rb3 Nd7 26. Rab1 b6 27. Kg2 Bc7 28. Ne2 Kg7 29. Nc1 Nd8 30. Ne2 Nc6 31. Kf1 Na5 32.
Bxa5 Rxa5 33. Rb5 Rxb5 34. Rxb5 Nb8 35. Rb3 Nc6 36. Nc1 Kf7 37. Kg2 Ke6 38. Ne2 Kd7 39. Rb1 Rh8 40. Rh1 h6 41. Kf1 Na7 42. a4 Nc6 43.
Ke1 Ke6 44. Kd2 Kf7 45. Kc1 Kg6 46. Kb2 h5 47. gxh5+ Rxh5 48. Rxh5 Kxh5 49. Ng1 Kg4 50. Kc1 f5 51. exf5 Kxf5 52. Kd2 g4 53. Ne2 e4 54. Nc1 Ne5 55. Na3 Bd8 56. Ke2 Bg5 57. dxe4+ Kxe4 58. Nb3 d3+ 59. Kf1 Kf3 60. a5 bxa5 61. Nb1 Nxc4 62. Nxc5 d2 63. Nc3 Nb2 64. Nb3 a4 65. Nc5 d1=Q+ 66.
Nxd1 Nxd1 67. Nxa4 Bf6 68. Nb6 Nxf2 69. Nd5 Ne4 70. Ke1 Bd4 71. Kf1 Nxg3+ 72. Ke1 Ne4 73. Ne7 Bf2+ 74. Kd1 g3 75. Nf5 g2 76. Nh4+ Bxh4 0-1

[Event "*** Titled Tuesday Blitz AM"]
[Site "Chess.com"]
[Date "2020.01.07"]
[Round "3"]
[White "Gr3egor"]
[Black "enriquetejedor"]
[Result "0-1"]
[WhiteElo "2752"]
[BlackElo "2491"]
[TimeControl "180+2"]
[EndTime "9:41:46 PST"]
[Termination "enriquetejedor won by resignation"]

1. d4 Nf6 2. c4 c5 3. d5 b5 4.
cxb5 a6 5. bxa6 Bxa6 6. Nc3 g6 7. e4 Bxf1 8. Kxf1 d6 9. g3 Bg7 10. Kg2 O-O 11. Nf3 Nbd7 12. a4 Qb6 13. Ra3 Rfb8 14.
Nd2 Qa6 15. h4 h5 16. Nb5 Ne8 17. g4 Ndf6 18. gxh5 Nxh5 19. Qf3 Qc8 20. Nc4 Nc7 21. Nxc7 Qxc7 22. a5 Rb4 23. b3 Rxc4 24. bxc4 Rxa5 25.
Bd2 Rxa3 26. Qxa3 Qd7 27. f3 Be5 28. Rb1 Bf4 29. Be1 Bh6 30. Bg3 Bf4 31. Bf2 Bh6 32. Be3 Bxe3 33. Qxe3 Qa4 34. Qb3 Qa5 35. Qb8+ Kh7 36. Qb2 Qa4 37. Qc1 Qa2+ 38. Rb2 Nf4+ 39. Kf1 Qa3 40. Qxf4 Qa1+ 41. Kg2 Qxb2+ 42. Kg3 f6 43. h5 gxh5 44. Kh4 Qg2 45. Qf5+ Kg7 46. Kxh5 Qh2+ 47. Kg4 Qg1+ 48. Kf4 Qc1+ 49. Kg3 Qe1+ 50.
Kg4 Qg1+ 51. Kf4 Qh2+ 52. Ke3 Qh6+ 53. Kd3 Kf8 54. Qc8+ Kf7 55. Qe6+ Kf8 56. Ke2 Qh2+ 57. Kd3 Qf4 58. Qc8+ Kg7 59. Qh3 Qg5 60. Qd7 Kf8 61.
Qc8+ Kf7 62. Qe6+ Kf8 63. Qh3 Qg6 64. f4 Kf7 65. Ke3 Qg7 66. Qh5+ Qg6 67. Qh8 Qg3+ 68. Ke2 Qg2+ 69. Ke3 Qg3+ 70. Ke2 Qxf4 71. Qh7+ Ke8 72. Qg8+ Kd7 73. Qe6+ Kd8 74. Qg8+ Kc7 75. Qe6 Kd8 76. Qg8+ Kc7 77. Qe6 Qh2+ 78. Kf3 Qh5+ 79. Ke3 Qh6+ 80.
Kd3 Qf8 81. Qf5 Qc8 82. Qh7 Kd7 83. Qf5+ Kd8 84. Qh7 Qb8 85. Qg8+ Kc7 86. Qe6 Qb3+ 87. Kd2 Qb2+ 88. Kd3 Qd4+ 89. Ke2 Qxc4+ 90. Kf3 Qc3+ 91. Kg4 Qe5 92. Qf7 Qxe4+ 93. Kh5 c4 94. Kh6 c3 95.
Qh5 Qe3+ 96. Kg7 Qg5+ 0-1

[Event "*** Titled Tuesday Blitz AM"]
[Site "Chess.com"]
[Date "2020.01.07"]
[Round "3"]
[White "talento10"]
[Black "VincentBlom"]
[Result "1/2-1/2"]
[WhiteElo "2250"]
[BlackElo "2555"]
[TimeControl "180+2"]
[EndTime "9:41:50 PST"]
[Termination "Game drawn by agreement"]

1. e4 c6 2. d4 d5 3. e5 Bf5 4.
Nf3 e6 5. Be2 h6 6. O-O Ne7 7. b3 Nc8 8. c4 Be7 9. Nc3 dxc4 10.
bxc4 O-O 11. Qb3 Qb6 12. c5 Qxb3 13. axb3 b5 14. Nd1 a5 15. Bd2 a4 16. bxa4 bxa4 17. Ne3 Bh7 18. Ra3 Rd8 19. Rfa1 Be4 20. Rxa4 Rxa4 21.
Rxa4 Nd7 22. Ra8 Kh7 23. Ne1 Nxe5 24. Bc3 Ng6 25. f3 Bd5 26. Ba6 Nb6 27. Rxd8 Bxd8 28. cxb6 Bxb6 29. Kf2 Nf4 30. g3 Nh5 31. Nxd5 cxd5 32.
f4 Nf6 33. Bd3+ g6 34. Nf3 Ng4+ 35. Ke2 Kg7 36. h3 Nf6 37. Bb2 Nd7 38. Ne5 Nf6 39. Nc6 Nh5 40. Kf3 Nf6 41. Bc3 Bc7 42. Ne5 h5 43.
Bb4 Bb6 44. Bc5 Ba5 45. g4 hxg4+ 46. hxg4 Bd2 47. Be7 Bc3 48. g5 Nh5 49. Nc6 Bd2 50. Bd6 Kg8 51. Be5 Ng7 52. Bf6 Ne8 53. Be5 Bc1 54.
Ne7+ Kf8 55. Nc6 Ba3 56. Bb5 Nd6 57. Bxd6+ Bxd6 58. Ke3 Ba3 59. Ne5 Bc1+ 60. Kf3 Bb2 61. Nc6 Bc1 62. Kg4 Bd2 63. Kf3 Bc1 64. Bd3 Bd2 65.
Kg4 Be3 66. Bb5 Bc1 67. Ne5 Bb2 68. Nf3 Bc1 69. Bd3 Be3 70. Kg3 Kg7 71. Kg4 Kf8 72. Bb5 Kg8 73. Ba4 Kg7 74. Bc2 Kh7 75. Bd3 Kh8 76.
Ne5 Kg7 77. Nc6 Bc1 78. Kf3 Kf8 79. Bb5 Bd2 80. Ba4 Bc1 81. Nb4 Bb2 82. Nc2 Bc1 83. Bb5 Bd2 84. Kg4 Bc1 85. Kg3 Bd2 86. Bd3 Bc1 87.
Kf3 Ke7 88. Nb4 Kf8 89. Na2 Bd2 90. Be2 Ke7 91. Bb5 Kd6 92. Be8 Ke7 93. Ba4 f6 94. gxf6+ Kxf6 95. Be8 g5 96. fxg5+ Kxg5 97. Bd7 Kf6 98. Ke2 Ba5 99. Kd3 e5 100. dxe5+ Kxe5 101. Bc6 1/2-1/2

[Event "*** Titled Tuesday Blitz AM"]
[Site "Chess.com"]
[Date "2020.01.07"]
[Round "3"]
[White "pedroholly22"]
[Black "Colombiano07"]
[Result "1/2-1/2"]
[WhiteElo "2384"]
[BlackElo "2165"]
[TimeControl "180+2"]
[EndTime "9:43:45 PST"]
[Termination "Game drawn by 50-move rule"]

1. e4 c5 2. Nf3 Nc6 3. d4 cxd4 4. Nxd4 Nf6 5. Nc3 g6 6. Be3 Bg7 7. Bc4 O-O 8. Bb3 a5 9. O-O a4 10. Nxa4 Nxe4 11. Nb5 Ra6 12. Qe2 d6 13. c4 Bd7 14.
Bb6 Rxb6 15. Nxb6 Qxb6 16. Qxe4 Bxb2 17. Rad1 Bg7 18. Qe2 Ne5 19. h3 Rc8 20. Kh1 Be6 21. Nd4 Bxc4 22. Bxc4 Rxc4 23. Nf3 Qc6 24. Nxe5 Bxe5 25.
Qd3 Rc3 26. Qd5 Qxd5 27. Rxd5 Rc2 28. a4 Ra2 29. f4 Bf6 30. a5 Bc3 31. Rb1 Bxa5 32.
Rxb7 Bd2 33. g3 Kf8 34. Rb8+ Kg7 35. Rb7 Kf6 36. Rd4 Bc3 37. Rd3 Be1 38. g4 Ra4 39.
g5+ Kg7 40. Rxe7 Bh4 41. Rf3 Ra2 42. Rd7 Rd2 43. f5 gxf5 44. Rxf5 Kg6 45. Rfxf7 Bxg5 46. Rxh7 Bf4 47. Rhg7+ Kf5 48. Rg4 Be5 49. Rf7+ Ke6 50. Rf1 Rh2+ 51. Kg1 Rxh3 52. Kg2 Ra3 53. Rf2 Rb3 54. Rf3 Rb2+ 55. Kf1 Kd5 56. Rf2 Rb1+ 57.
Kg2 Rb3 58. Rg8 Ra3 59. Rd2+ Ke4 60. Rg4+ Kf5 61. Rc4 Rg3+ 62. Kf1 Rh3 63. Ke2 Ke6 64. Kd1 Kf5 65. Kc2 Ke6 66. Rc8 Kf5 67. Rd3 Rh2+ 68. Kd1 Ke4 69. Rd2 Rh1+ 70. Kc2 Rh3 71. Rc4+ Kf5 72. Rd3 Rh2+ 73. Kd1 Rg2 74. Rc2 Rg1+ 75.
Ke2 Rg2+ 76. Kd1 Rg1+ 77. Kd2 Bf4+ 78. Kc3 Be5+ 79. Kc4 Rg4+ 80. Kd5 Ra4 81. Rf2+ Kg4 82. Rf8 Ra5+ 83. Ke6 Ra4 84. Rd1 Ra3 85. Rg1+ Rg3 86. Rg8+ Kf3 87. R1xg3+ Bxg3 88. Kd5 Be5 89. Rf8+ Ke3 90.
Ra8 Kf4 91. Ra3 Kf5 92. Rf3+ Bf4 93. Kd4 Kg5 94. Ke4 Be5 95. Rf8 Kg6 96. Kd5 Kg5 97.
Rf3 Kg4 98. Ke4 Kg5 99. Rf8 Kg6 100. Rg8+ Kf7 101. Rg1 Kf6 102. Kd5 Kf5 103. Rf1+ Kg6 104. Ke6 Kg5 105. Kd5 Kg6 106. Ke4 Kg5 107. Rf5+ Kg6 108. Rf8 Kg7 109. Ra8 Kf6 110. Rc8 Ke6 111. Rg8 Kf7 112. Rg1 Kf6 113. Rh1 Kg6 114. Kf3 Kf5 115. Rh5+ Ke6 116. Kg4 Kf6 117. Rh7 Ke6 118. Rh6+ Kd5 119. Kf5 Kc5 120. Rh3 Kd5 121. Rd3+ Kc4 122. Ke4 Kc5 123. Rd1 Kc6 124. Rc1+ Kd7 125. Kd5 Ke7 126. Rf1 Kd7 127. Rf7+ Ke8 128. Ke6 Kd8 129. Rd7+ Kc8 130. Rh7 Kd8 131. Kd5 Ke8 132. Rc7 Kd8 133. Kc6 Ke8 134. Rd7 Kf8 135. Kd5 Ke8 136.
Ke6 Kf8 137. Re7 Kg8 1/2-1/2

[Event "*** Titled Tuesday Blitz AM"]
[Site "Chess.com"]
[Date "2020.01.07"]
[Round "4"]
[White "BocharovD"]
[Black "Zq1"]
[Result "1-0"]
[WhiteElo "2762"]
[BlackElo "2574"]
[TimeControl "180+2"]
[EndTime "9:47:07 PST"]
[Termination "BocharovD won by resignation"]

1. Nf3 d5 2. e3 Nf6 3. c4 e6 4. b3 Be7 5. Bb2 O-O 6. Nc3 c5 7. cxd5 Nxd5 8. Nxd5 exd5 9. d4 cxd4 10. Qxd4 Bf6 11. Qd2 Bxb2 12. Qxb2 Qa5+ 13. Qd2 Qxd2+ 14. Kxd2 Nc6 15. Bb5 Bg4 16. Bxc6 Bxf3 17. Bxb7 Bxg2 18. Bxa8 Bxh1 19. Rxh1 Rxa8 20. Rc1 a5 21. Rc5 a4 22.
b4 a3 23. Ra5 Rd8 24. Rxa3 d4 25. exd4 g6 26. Kd3 1-0

[Event "*** Titled Tuesday Blitz AM"]
[Site "Chess.com"]
[Date "2020.01.07"]
[Round "4"]
[White "Angry_Serb"]
[Black "gui_borba"]
[Result "1-0"]
[WhiteElo "2633"]
[BlackElo "2286"]
[TimeControl "180+2"]
[EndTime "9:47:24 PST"]
[Termination "Angry_Serb won by resignation"]

1. d4 Nf6 2. Nf3 e6 3. Bf4 b6 4. e3 Bb7 5. Nbd2 c5 6. Nc4 d5 7. Nce5 a6 8. Ng5 Bd6 9. Nexf7 Qd7 10. Nxd6+ Ke7 11. Nxb7 Qxb7 12. c3 Nc6 13. Bd3 Raf8 14. Qe2 h6 15. Nf3 g5 16. Bg3 1-0

[Event "*** Titled Tuesday Blitz AM"]
[Site "Chess.com"]
[Date "2020.01.07"]
[Round "4"]
[White "arminmusovic"]
[Black "Everyfishknows"]
[Result "1-0"]
[WhiteElo "2506"]
[BlackElo "2328"]
[TimeControl "180+2"]
[EndTime "9:47:24 PST"]
[Termination "arminmusovic won by checkmate"]

1. e4 e5 2. Nf3 Nc6 3. Nc3 Nf6 4. Bb5 Bb4 5. O-O O-O 6. d3 d6 7. Bg5 Bxc3 8. bxc3 Qe7 9. Bxc6 bxc6 10. h3 h6 11. Bh4 Be6 12. Qc1 c5 13. d4 cxd4 14.
cxd4 exd4 15. Re1 Bd7 16. e5 dxe5 17. Nxe5 Qd6 18. Bxf6 gxf6 19. Nxd7 Qxd7 20. Qxh6 Qf5 21. Rad1 Qg6 22. Qh4 Kg7 23. Rxd4 f5 24. Re3 Rh8 25. Qf4 Kf8 26. Qxc7 Qb6 27. Qe7+ Kg7 28. Rg3+ Kh6 29. Rh4# 1-0

[Event "*** Titled Tuesday Blitz AM"]
[Site "Chess.com"]
[Date "2020.01.07"]
[Round "4"]
[White "senecacrane"]
[Black "ristingho"]
[Result "0-1"]
[WhiteElo "2321"]
[BlackElo "2511"]
[TimeControl "180+2"]
[EndTime "9:47:29 PST"]
[Termination "ristingho won by resignation"]

1. d4 Nf6 2. c4 e6 3. Nc3 Bb4 4. Qc2 b6 5. e4 c5 6. d5 Qe7 7.
Be2 exd5 8. cxd5 Qxe4 9. Qxe4+ Nxe4 10. Bd2 Nxd2 11. Kxd2 O-O 12. Nf3 Bb7 13. Bc4 d6 14. Kc2 Bxc3 15. bxc3 Nd7 16. Rhe1 Rfe8 17. Bb5 Rxe1 18.
Rxe1 Nf6 19. c4 Kf8 20. Ng5 a6 21. Ba4 b5 22. cxb5 axb5 23. Bxb5 Rxa2+ 24. Kb3 Bxd5+ 0-1

[Event "*** Titled Tuesday Blitz AM"]
[Site "Chess.com"]
[Date "2020.01.07"]
[Round "4"]
[White "SHIVACalypso"]
[Black "muran29"]
[Result "0-1"]
[WhiteElo "2271"]
[BlackElo "2494"]
[TimeControl "180+2"]
[EndTime "9:47:30 PST"]
[Termination "muran29 won by resignation"]

1. Nf3 d5 2. c4 e6 3. g3 Nf6 4. Bg2 c5 5. cxd5 exd5 6. O-O Nc6 7.
d4 Be7 8. Nc3 O-O 9. dxc5 Bxc5 10. a3 a5 11. Bg5 d4 12. Ne4 Be7 13. Nxf6+ Bxf6 14. Bxf6 Qxf6 15. Qd2 Bg4 16. Rfd1 Rad8 17. Rac1 Rfe8 18. Rc4 Be6 19. Rc5 Bb3 20. Rdc1 a4 21.
Bf1 d3 22. Re1 dxe2 23. Rxe2 Qxf3 24. Qd7 Rxe2 25. Rxc6 Qxf2+ 0-1

[Event "*** Titled Tuesday Blitz AM"]
[Site "Chess.com"]
[Date "2020.01.07"]
[Round "4"]
[White "gmcorrales"]
[Black "Daniel-2003"]
[Result "1-0"]
[WhiteElo "2869"]
[BlackElo "2350"]
[TimeControl "180+2"]
[EndTime "9:48:06 PST"]
[Termination "gmcorrales won by resignation"]

1. e4 c5 2. Nf3 Nc6 3. d4 cxd4 4. Nxd4 Qb6 5. Nb3 Nf6 6. Nc3 e6 7. Be3 Qc7 8. a3 a6 9. Be2 d6 10. g4 b5 11. g5 Nd7 12. h4 Bb7 13. h5 Be7 14. Rg1 Rc8 15. Qd2 O-O 16. O-O-O b4 17.
axb4 Nxb4 18. g6 Bf6 19. Bd4 fxg6 20. hxg6 h6 21. Bxf6 Nxf6 22. f3 d5 23. Qd4 Na2+ 24. Kb1 Nxc3+ 25. Qxc3 Qxc3 26. bxc3 dxe4 27. Rgf1 Nd5 28.
Rde1 Nxc3+ 29. Kb2 exf3 30. Bd3 f2 31. Rxe6 1-0

[Event "*** Titled Tuesday Blitz AM"]
[Site "Chess.com"]
[Date "2020.01.07"]
[Round "4"]
[White "kkpanu9"]
[Black "Nathan_Filgueiras"]
[Result "0-1"]
[WhiteElo "2082"]
[BlackElo "2316"]
[TimeControl "180+2"]
[EndTime "9:48:07 PST"]
[Termination "Nathan_Filgueiras won by resignation"]

1. e4 c5 2. Nf3 Nc6 3. d4 cxd4 4. Nxd4 e5 5. Nb5 d6 6. N1c3 a6 7. Na3 b5 8. Nd5 Nce7 9. c4 Nxd5 10. Qxd5 Be6 11.
Qd2 Nf6 12. cxb5 Nxe4 13. Qc2 d5 14. Qc6+ Bd7 15. Qxd5 Bb4+ 16. Bd2 Bxd2+ 17. Kd1 Bg4+ 0-1

[Event "*** Titled Tuesday Blitz AM"]
[Site "Chess.com"]
[Date "2020.01.07"]
[Round "4"]
[White "FelixJoseYnojosa"]
[Black "XxPetroffsxX"]
[Result "1-0"]
[WhiteElo "2613"]
[BlackElo "1986"]
[TimeControl "180+2"]
[EndTime "9:48:36 PST"]
[Termination "FelixJoseYnojosa won by resignation"]

1. c4 Nf6 2. Nc3 e6 3. e4 d5 4. e5 Nfd7 5. d4 dxc4 6. Bxc4 c5 7. Nf3 cxd4 8. Qxd4 Nc6 9. Qe4 Nc5 10. Qe2 Be7 11.
O-O O-O 12. Rd1 Qe8 13. a3 a6 14. b4 b5 15. Ba2 Na4 16. Nxa4 bxa4 17. Bb1 g6 18.
Bh6 Bb7 19. Be4 Qc8 20. Bxf8 Bxf8 21. Rac1 Qe8 22. Qc2 Rc8 23. Qxa4 Nd4 24. Qxe8 1-0

[Event "*** Titled Tuesday Blitz AM"]
[Site "Chess.com"]
[Date "2020.01.07"]
[Round "4"]
[White "ori99"]
[Black "Ovsiannikov_Maxim"]
[Result "1-0"]
[WhiteElo "2058"]
[BlackElo "2399"]
[TimeControl "180+2"]
[EndTime "9:48:43 PST"]
[Termination "ori99 won by checkmate"]

1. e4 e6 2. d4 d6 3. Nc3 Nf6 4. Be3 g6 5. Qd2 h6 6. f3 Bg7 7. O-O-O Nbd7 8. g4 b6 9. e5 dxe5 10. dxe5 Nd5 11. Nxd5 exd5 12. Qxd5 Rb8 13. Bb5 a6 14.
Bc6 Qe7 15. f4 b5 16. Bc5 Qe6 17. Nf3 Qxd5 18. Rxd5 Bf8 19. Ba7 Rb7 20. Be3 Be7 21.
Rhd1 O-O 22. Rxd7 Bxd7 23. Rxd7 Rbb8 24. Rxe7 Rfd8 25. f5 Kg7 26. e6 gxf5 27. gxf5 Kf6 28. Rxf7# 1-0

[Event "*** Titled Tuesday Blitz AM"]
[Site "Chess.com"]
[Date "2020.01.07"]
[Round "4"]
[White "ural58"]
[Black "KerryStead"]
[Result "1-0"]
[WhiteElo "2311"]
[BlackElo "2062"]
[TimeControl "180+2"]
[EndTime "9:48:46 PST"]
[Termination "ural58 won by resignation"]

1. e4 g6 2. d4 Bg7 3. Nc3 c6 4. h4 h5 5. Bg5 d5 6. f3 a6 7. Nge2 Be6 8. Nf4 dxe4 9. Nxe6 fxe6 10. Nxe4 Qxd4 11. Qxd4 Bxd4 12. O-O-O Bg7 13. Bc4 Nf6 14.
Bxe6 Nxe4 15. fxe4 Rf8 16. Bc8 Bf6 17. Be3 Kf7 18. Bxb7 Nd7 19. Bxa8 Rxa8 20. Rxd7 Rb8 21. b3 1-0